 Dungeon Crawl Stone Soup version 0.29-a0-275-g389c0b56f3 (webtiles) character file.

Game seed: 2595415341716639014

4 shoop the Vexing (level 1, -3/11 HPs)
             Began as a Deep Elf Arcane Marksman on Mar 10, 2022.
             Slain by a goblin
             ... wielding a +4 dagger
              (4 damage)
             ... on level 1 of the Dungeon.
             The game lasted 00:00:31 (80 turns).

shoop the Vexing (Deep Elf Arcane Marksman)           Turns: 80, Time: 00:00:31

Health: -3/11      AC:  2    Str:  7    XL:     1   Next: 50%
Magic:  5/5        EV: 12    Int: 17    God:
Gold:   5          SH:  0    Dex: 15    Spells: 2/3 levels left

rFire   . . .      SeeInvis .   a - +0 shortbow
rCold   . . .      Faith    .   (shield currently unavailable)
rNeg    . . .      Spirit   .   b - +0 robe
rPois   .          Reflect  .   (no helmet)
rElec   .          Harm     .   (no cloak)
rCorr   .          Rampage  .   (no gloves)
Will    .....                   (no boots)
Stlth   ++........              (no amulet)
HPRegen 0.03/turn               (no ring)
MPRegen 0.09/turn               (no ring)

@: no status effects
A: no striking features
a: no special abilities


You were on level 1 of the Dungeon.
You visited 1 branch of the dungeon, and saw 1 of its levels.

You collected 5 gold pieces.

Inventory:

Hand Weapons
 a - a +0 shortbow (weapon)
Armour
 b - a +0 robe (worn)
Scrolls
 c - a scroll of vulnerability
 e - a scroll of fear {unknown}
Potions
 d - a potion of flight {unknown}


   Skills:
 - Level 0.7 Fighting
 - Level 2.6 Bows
 - Level 2.4 Dodging
 + Level 1.5 Stealth
 - Level 1.5 Spellcasting
 - Level 4.0 Hexes


You had 2 spell levels left.
You knew the following spells:

 Your Spells              Type           Power      Damage    Failure   Level
a - Slow                  Hex            56%        N/A       4%          1

Your spell library contained the following spells:

 Spells                   Type           Power      Damage    Failure   Level
 Inner Flame              Hex/Fire       8%         N/A       26%         3
 Portal Projectile        Hex/Tloc       16%        N/A       26%         3
 Cause Fear               Hex            7%         N/A       36%         4


Dungeon Overview and Level Annotations

Branches:
Dungeon (1/15)

Altars:


Message History

Confirm with . or Enter, or press ? or * to list all spells.
Aiming: Slow (safe; 4% risk of failure)
Press: ? - help, Shift-Dir - straight line, f/p - goblin
Aim: a goblin, wielding a +4 dagger (moderately wounded, chance to affect: 71%)
The goblin struggles to resist.
The goblin hits you but does no damage.
Casting: Slow (safe; 4% risk of failure)
Confirm with . or Enter, or press ? or * to list all spells.
Aiming: Slow (safe; 4% risk of failure)
Press: ? - help, Shift-Dir - straight line, f/p - goblin
Aim: a goblin, wielding a +4 dagger (moderately wounded, chance to affect: 71%)
The goblin seems to slow down.
The goblin attacks as you move away! The goblin hits you with a +4 dagger.
The goblin attacks as you move away! The goblin completely misses you.
You shoot an arrow. The arrow completely misses the goblin.
You shoot an arrow. The arrow closely misses the goblin.
You shoot an arrow. The arrow barely misses the goblin.
The goblin is no longer moving slowly.
You shoot an arrow. The arrow closely misses the goblin.
You shoot an arrow. The arrow barely misses the goblin.
The goblin hits you with a +4 dagger.
You shoot an arrow. The arrow closely misses the goblin.
The goblin hits you with a +4 dagger.
* * * LOW HITPOINT WARNING * * *
You are too injured to fight recklessly!
You are too injured to fight recklessly!
Unknown command.
Unknown command.
Shoot: a) +0 shortbow
Press: ? - help, Shift-Dir - straight line, f/p - goblin
Aim: a goblin, wielding a +4 dagger (51% to hit)
You shoot an arrow. The arrow misses the goblin.
The goblin hits you with a +4 dagger.
* * * LOW HITPOINT WARNING * * *
The goblin misses you.
Shoot: a) +0 shortbow
Press: ? - help, Shift-Dir - straight line, f/p - goblin
Aim: a goblin, wielding a +4 dagger (51% to hit)
You shoot an arrow. The arrow closely misses the goblin.
The goblin hits you with a +4 dagger.
You die...

######### ##...#...##
##.........##
#........g@.###
###.............#
##.............#..#
##.................#
#...#.#####'#####..#
###.#.#.#PPP#.#PPP#..#
#.....#.#P⌠P#.#P⌠P#..#
..#.....#PPP#.#PPP#..#
###.....#####.#####..#


You could see a goblin.

Vanquished Creatures
  A ball python (D:1)
  An endoplasm (D:1)
  A hobgoblin (D:1)
3 creatures vanquished.

Notes
Turn   | Place    | Note
-------+----------+-------------------------------------------
     0 | D:1      | shoop the Deep Elf Arcane Marksman began the quest for the
                  | Orb.
     0 | D:1      | Reached XP level 1. HP: 11/11 MP: 5/5
    10 | D:1      | Reached skill level 1 in Stealth
    80 | D:1      | Slain by a goblin

Illustrated notes

Levels and vault maps discovered:
D:1:      beargit_arrival_greenhouse, layout_rooms

Skill      XL: |  1 |
---------------+----+-----
Stealth        | 1 |  1.5
Fighting       | |  0.7
Bows           | |  2.6
Dodging        | |  2.4
Spellcasting   | |  1.5
Hexes          | |  4.0

Action                   || total
-------------------------++-------
 Fire: Shortbow          ||    14
 Cast: Slow              ||     3
Armor: Robe              ||     1
Dodge: Dodged            ||     3

Table legend: (Time is in decaauts)
 A = Elapsed time spent in this place.
 B = Non-inter-level travel time spent in this place.
 C = Inter-level travel time spent in this place.
 D = Time resting spent in this place.
 E = Time spent auto-exploring this place.
 F = Levels seen in this place.
 G = Mean time per level.
                   A        B        C        D        E       F      G
               +--------+--------+--------+--------+--------+-----+--------+
         Total |     84 |     84 |      0 |      0 |     40 |   1 |   84.0 |
       Dungeon |     84 |     84 |      0 |      0 |     40 |   1 |   84.0 |
               +--------+--------+--------+--------+--------+-----+--------+

Top non-repeatable levels by time:
     D:1: 84 daAuts
